Cogmind - Beta 13 @@@ ROGUE MODE // 2024.04.24 @ 14:41:05 Player: Gabe+Kate4EVR Result: Destroyed by H-66 Slayer with Gauss Rifle Performance ------------- Evolutions (4) 2000 Regions Visited (6) 1200 Robots Destroyed (141) 705 Value Destroyed (4677) 4677 Prototype IDs (14) 280 Alien Tech Used (0) 0 Bonus (845) 845 TOTAL SCORE: 9707 Bonus ------- High Alert Combat Kills 345 Entered DSFs 500 Cogmind --------- Core Integrity 0/850 Matter 232/300 Energy 95/100 System Corruption 4% Temperature Cool (0) Movement Core (400) Ox7 Location -6/Factory Parts ------- > --- POWER (1) -------- (None) > --- PROPULSION (4) --- (None) > --- UTILITY (7) ------ Large Storage Unit Advanced Signal Interpreter Improved Target Analyzer > --- WEAPON (3) ------- Heavy Pick > --- INVENTORY (15) --- Micro Nuclear Core Light Angular Momentum Engine Light Fission Core Large Storage Unit Improved Sensor Array Target Analyzer Improved Trap Extractor (0/6) Improved Spread Laser Remote Datajack Peak State ------------ > --- POWER ------------ Heavy Deuterium Engine > --- PROPULSION ------- Improved Medium Treads Improved Medium Treads Improved Medium Treads Improved Medium Treads > --- UTILITY ---------- Improved Thermal Generator Large Storage Unit Triangulator Advanced Sensor Array Advanced Signal Interpreter Improved Target Analyzer Improved Core Shielding > --- WEAPON ----------- Heavy Machine Gun Heavy Machine Gun Heavy Flak Cannon > --- INVENTORY -------- Micro Nuclear Core Light Angular Momentum Engine Light Angular Momentum Engine Light Fission Core Large Storage Unit Compact Battery High-capacity Matter Pod Improved Sensor Array Improved Trap Extractor Improved Spread Laser Improved Assault Rifle Heavy Missile Launcher Remote Datajack Heavy Pick [Rating: 76] Favorites ----------- Power Heavy Ion Engine Engine Heavy Ion Engine Power Core Light Nuclear Core Propulsion Improved Medium Treads Treads Improved Medium Treads Leg Improved Aluminum Leg Wheel Armored Wheel Hover Unit Hover Unit Utility Large Storage Unit Device Triangulator Storage Large Storage Unit Processor Improved Target Analyzer Hackware System Shield Protection Improved Core Shielding Weapon Heavy Machine Gun Energy Gun Heavy EM Pulse Gun Energy Cannon Ion Cannon Ballistic Gun Heavy Machine Gun Ballistic Cannon Light Cannon Launcher Grenade Launcher Special Weapon Welding Torch Piercing Weapon Heavy Pick Build | -11 -10 -9 -8 -7 -7 -6 ------- Run | Yrd Mat Mat Mat Fac DSF Fac Slots Evolved 8 | . . 2 2 2 . 2 Power . | . . . . . . . Propulsion 2 | . . 2 . . . . Utility 5 | . . . 2 1 . 2 Weapon 1 | . . . . 1 . . Parts Attached 170 | 6 16 25 56 . 17 50 Power 16 | 1 2 3 3 . 2 5 Engine 12 | 1 2 2 3 . 1 3 Core 4 | . . 1 . . 1 2 Reactor . | . . . . . . . Propulsion 54 | 2 8 8 21 . 7 8 Treads 19 | . 2 . 2 . 7 8 Leg 29 | 2 2 6 19 . . . Wheel 4 | . 2 2 . . . . Hover 2 | . 2 . . . . . Flight . | . . . . . . . Utility 54 | 1 2 5 16 . 7 23 Device 16 | . 1 . 3 . 5 7 Storage 11 | 1 . 2 4 . . 4 Processor 8 | . 1 . . . 2 5 Hackware 1 | . . 1 . . . . Protection 18 | . . 2 9 . . 7 Artifact . | . . . . . . . Weapon 46 | 2 4 9 16 . 1 14 Energy Gun 17 | . . 5 11 . 1 . Energy Cannon 4 | . . 1 3 . . . Ballistic Gun 14 | 2 . 1 2 . . 9 Ballistic Cannon 5 | . 1 1 . . . 3 Launcher 2 | . . 1 . . . 1 Special Weapon 3 | . 3 . . . . . Impact Weapon . | . . . . . . . Slashing Weapon . | . . . . . . . Piercing Weapon 1 | . . . . . . 1 Special Melee Weapon . | . . . . . . . Unidentified Prototypes 6 | . . 1 3 . 1 1 Corrupted Parts 3 | . . . 3 . . . System Corruption 19 | . . . 19 . . . Parts Lost 45 | . 2 2 15 . 6 20 Power 5 | . 1 . 1 . 1 2 Propulsion 16 | . . 2 6 . 1 7 Utility 14 | . . . 4 . 4 6 Weapon 10 | . 1 . 4 . . 5 Highest Loss Streak 16 | . 2 2 5 . 3 16 To Critical Strikes 3 | . . . . . . 3 Average Slot Usage (%) 93 | . 95 98 91 . 94 89 Engine 7 | . 12 7 9 . 6 5 Treads 10 | . 12 . 2 . 21 22 Leg 17 | . 8 35 28 . 6 . Wheel 1 | . . 8 . . . . Device 9 | . 3 3 4 . 12 18 Storage 10 | . 14 11 15 . 7 6 Processor 5 | . 9 . . . 12 11 Protection 6 | . . 4 13 . 1 5 Energy Gun 6 | . . 10 10 . 15 1 Energy Cannon 2 | . . . 7 . . . Ballistic Gun 4 | . 10 . . . 7 8 Ballistic Cannon 4 | . 4 10 . . . 5 Special Weapon 1 | . 13 . . . . . Naked Turns . | . . . . . . . Heaviest Build 87 | 13 16 40 58 46 49 87 Greatest Support 120 | 20 40 52 65 63 110 120 Greatest Overweight (x) 8 | . 2 1 2 . 2 8 Average Overweight (x) . | . . . . . . . Largest Inventory Capacity 15 | 8 8 15 15 15 15 15 Average Capacity 13 | 7 8 12 15 15 15 15 Most Carried 15 | 4 8 15 15 15 15 15 Average Carried 13 | 2 7 12 14 15 14 14 Final Capacity 15 | 8 8 15 15 15 15 15 Final Carried 15 | 4 8 15 15 15 15 9 Class Distribution -------------------- 46% | Mutant 16% | Skirmisher 16% | Scavenger-Mutant 10% | Scavenger-Skirmisher 5% | Scavenger-Gunner Dominant Class ---------------- Mutant | -10/Materials Mutant | -9/Materials Scavenger-Mutant | -8/Materials Scavenger-Mutant | -7/Factory Scavenger-Gunner | -7/DSF Skirmisher | -6/Factory Resources | -11 -10 -9 -8 -7 -7 -6 ----------- Run | Yrd Mat Mat Mat Fac DSF Fac Matter Collected 3712 | 182 272 806 745 . 296 1411 Remotely 412 | . . . . . . 412 Salvage Created 5073 | . 193 1316 1591 . 373 1600 Parts 303 | . 16 98 78 . 20 91 Haulers Intercepted 7 | . . 4 2 . . 1 Recyclers Shooed 6 | . . . . . . 6 Parts Field Recycled . | . . . . . . . Retrieved Matter . | . . . . . . . Parts Self-Destructed . | . . . . . . . Prevented . | . . . . . . . Kills | -11 -10 -9 -8 -7 -7 -6 ------- Run | Yrd Mat Mat Mat Fac DSF Fac Combat Hostiles Destroyed 109 | . 8 32 25 . 10 34 Melee 1 | . . . . . . 1 Guns 45 | . 5 7 12 . 10 11 Cannons 53 | . 3 20 10 . . 20 AOE 7 | . . 5 . . . 2 Classes Destroyed 16 | . 3 4 5 . 1 3 Worker 6 | . . . 1 . . 5 Builder 5 | . . . 1 . . 4 Tunneler 1 | . . 1 . . . . Hauler 7 | . . 4 2 . . 1 Recycler 5 | . . 1 2 . . 2 Watcher 8 | . 1 4 1 . . 2 Swarmer 27 | . 6 11 . . 3 7 Grunt 46 | . 2 15 12 . 3 14 Brawler 1 | . . . . . . 1 Duelist 1 | . . . . . . 1 Protector 1 | . . . . . . 1 Sentry 14 | . . 6 7 . . 1 Specialist 4 | . . . 2 . 1 1 Hunter 5 | . . . 3 . 1 1 Programmer 8 | . . . . . 1 7 Heavy 2 | . . . 1 . 1 . Best Kill Streak 15 | . 3 8 4 . 4 15 Combat Bots Only 6 | . 3 6 3 . 4 5 Max Kills in Single Turn 3 | . 1 3 2 . 1 3 Gunslinging . | . . . . . . . Exploded 3 | . . 3 . . . 2 Melee 1 | . . . . . . 1 Uniques/NPCs Destroyed . | . . . . . . . Combat | -11 -10 -9 -8 -7 -7 -6 -------- Run | Yrd Mat Mat Mat Fac DSF Fac Hostile Shots Fired 833 | . 54 104 205 . 94 376 Missed 232 | . 15 26 50 . 32 109 Damage Taken 9976 | . 331 856 3079 . 1421 4289 Core 1980 | . 95 79 526 . 411 869 Absorbed by Shields . | . . . . . . . Redirected to Shielding 263 | . . . 100 . 66 97 Regen/Repaired (Parts) 92 | . . . 92 . . . Core Remaining (%) 57 | 100 62 80 4 . 41 . Volleys Fired 344 | . 26 79 106 . 36 97 Largest 3 | . 2 2 2 . 3 3 Hottest 153 | . 55 113 135 . 153 153 Shots Fired 743 | . 51 158 208 . 93 233 Gun 451 | . 20 60 139 . 93 139 Cannon 258 | . 1 96 69 . . 92 Launcher 4 | . . 2 . . . 2 Special 30 | . 30 . . . . . Kinetic 381 | . 21 88 7 . 36 229 Thermal 246 | . 30 8 149 . 57 2 Explosive 4 | . . 2 . . . 2 Electromagnetic 112 | . . 60 52 . . . Robot Hit Streak 15 | . 5 13 14 . 15 9 Robot Miss Streak 8 | . 3 4 5 . 5 8 Penetration Max . | . . . . . . . Secondary Targets 3 | . . . 1 . 2 . Max Gunslinging Chain 1 | . . . 1 . 1 . Shots Hit Robots 480 | . 29 96 139 . 76 140 Core Hits 304 | . 16 48 73 . 39 128 Critical Kills 4 | . . . 1 . . 3 Critical Parts Destroyed 3 | . . . . . . 3 Critical Strikes 15 | . . 6 2 . . 7 Burn 1 | . . . 1 . . . Meltdown 1 | . . . 1 . . . Destroy 6 | . . . . . . 6 Blast 6 | . . 5 . . . 1 Corrupt 1 | . . 1 . . . . Melee Attacks 5 | . . . . . . 5 Impact . | . . . . . . . Slashing . | . . . . . . . Piercing 5 | . . . . . . 5 Sneak Attacks . | . . . . . . . Combat Hostiles . | . . . . . . . Follow-up Attacks . | . . . . . . . Damage Inflicted 11555 | . 196 1879 2827 . 1577 5076 Guns 5874 | . 129 638 1691 . 1577 1839 Cannons 4715 | . 20 1067 1049 . . 2579 Explosions 810 | . . 158 87 . . 565 Melee 58 | . . . . . . 58 Ramming 51 | . . 16 . . . 35 Kinetic 6086 | . 149 943 72 . 504 4418 Thermal 3493 | . 47 192 2181 . 1073 . Explosive 655 | . . 90 . . . 565 Electromagnetic 1212 | . . 638 574 . . . Impact . | . . . . . . . Slashing . | . . . . . . . Piercing 58 | . . . . . . 58 Highest Corruption 22 | . . . 22 . 3 4 Average Corruption 8 | . . . 14 . 2 1 Corruption Purged . | . . . . . . . Corruption Blocked . | . . . . . . . Effects 96 | . . . 74 . 4 18 Message Errors 25 | . . . 18 . 1 6 Matter Fused 25 | . . . 18 . 2 5 Heat Flow Errors 15 | . . . 11 . . 4 Energy Discharges 9 | . . . 9 . . . Parts Rejected 2 | . . . . . . 2 Parts Fused 2 | . . . 2 . . . Data Loss (minor) 5 | . . . 5 . . . Data Loss (major) 2 | . . . 2 . . . Misfires 7 | . . . 6 . 1 . Alerts 2 | . . . 2 . . . Weapon Failures 2 | . . . 1 . . 1 Overload Shots . | . . . . . . . Overflow Damage 181 | . . 18 . . . 163 Projectiles 181 | . . 18 . . . 163 Explosions . | . . . . . . . Melee . | . . . . . . . Knockbacks 55 | . . 10 . . . 45 Impact 1 | . . . . . . 1 Kinetic 47 | . . 10 . . . 37 Secondary 7 | . . . . . . 7 Self-Inflicted Damage 100 | . . . 72 . . 28 Shots 3 | . . . 2 . . 1 Rammed 8 | . . . . . . 8 Targets Rammed 14 | . . 3 . . . 11 Kicked 3 | . . 3 . . . . Crushed 3 | . . . . . . 3 Highest Temperature 563 | . 8 518 453 . 563 240 Average Temperature 103 | . 3 125 127 . 90 56 Received Heat Transfer 2091 | . 48 231 855 . 225 732 Effects 22 | . . 4 12 . 6 . Shutdowns 3 | . . . 2 . 1 . Energy Bleed 3 | . . 2 1 . . . Interference 6 | . . . 3 . 3 . Matter Decay 4 | . . 1 2 . 1 . Short Circuit 2 | . . . 2 . . . Damage (minor) 3 | . . 1 2 . . . Damage (core) 1 | . . . . . 1 . Siege Activations . | . . . . . . . Robots Corrupted 2 | . . . 2 . . . Combat Hostiles 2 | . . . 2 . . . Parts Fried 9 | . . 6 3 . . . Impact Corruptions . | . . . . . . . Robots Melted 2 | . . . 1 . 1 . Combat Hostiles 1 | . . . 1 . . . Parts Melted 13 | . 1 2 9 . 1 . Heat Transferred 5575 | . 375 272 3514 . 1414 . Parts Sabotaged 3 | . . . . . . 3 Parts Stolen . | . . . . . . . Parts Stripped . | . . . . . . . Power Chain Reactions 2 | . . 1 1 . . . Alert | -11 -10 -9 -8 -7 -7 -6 ------- Run | Yrd Mat Mat Mat Fac DSF Fac Peak Influence 713 | . 203 713 555 226 373 554 Initial 253 | . . 45 253 226 158 195 Average 278 | . 104 421 327 226 290 208 Maximum Alert Level 3 | . 1 3 2 1 1 2 Low Security (%) 25 | 100 73 6 . . 14 45 Level 1 56 | . 26 46 80 100 85 48 Level 2 14 | . . 35 19 . . 5 Level 3 2 | . . 11 . . . . Level 4 . | . . . . . . . Level 5 . | . . . . . . . High Security . | . . . . . . . Max Security . | . . . . . . . Sterilizations 1 | . . . . . 1 . Squads Dispatched 18 | . 3 2 4 . 1 8 Investigation 5 | . 1 2 1 . . 1 Extermination 5 | . . . . . . 5 Reinforcement 8 | . 2 . 3 . 1 2 Assault . | . . . . . . . Garrison . | . . . . . . . Intercept . | . . . . . . . Searches Triggered . | . . . . . . . Construction Impeded 1 | . . . . . . 1 Haulers Reinforced . | . . . . . . . Active Scanning Responses . | . . . . . . . Cargo Convoy Interrupts 1 | . . . . . . 1 Stealth | -11 -10 -9 -8 -7 -7 -6 --------- Run | Yrd Mat Mat Mat Fac DSF Fac Distress Signals 9 | . . 4 2 . . 3 Communications Jammed . | . . . . . . . Distress Signals . | . . . . . . . Times Spotted 151 | . 15 36 34 . 11 55 Peak Tracking Total 11 | . 4 4 6 . 4 11 Tactical Retreats 12 | . 3 1 4 . 1 3 Traps | -11 -10 -9 -8 -7 -7 -6 ------- Run | Yrd Mat Mat Mat Fac DSF Fac Traps Triggered 8 | . 2 1 1 . . 4 Indirectly . | . . . . . . . Trap Hack Attempts . | . . . . . . . Triggered . | . . . . . . . Disarmed . | . . . . . . . Reprogrammed . | . . . . . . . Reused . | . . . . . . . Traps Extracted . | . . . . . . . Installed . | . . . . . . . Triggered . | . . . . . . . Machines | -11 -10 -9 -8 -7 -7 -6 ---------- Run | Yrd Mat Mat Mat Fac DSF Fac Machines Disabled 5 | . . 1 2 . . 2 Max in Single Turn 2 | . . 1 2 . . 1 Machines Repaired . | . . . . . . . Machines Dismantled . | . . . . . . . Machines Sabotaged . | . . . . . . . Overloaded Fab Kills . | . . . . . . . Hacking | -11 -10 -9 -8 -7 -7 -6 --------- Run | Yrd Mat Mat Mat Fac DSF Fac Machines Accessed 14 | . 2 4 4 1 . 3 Terminals 9 | . 2 4 1 1 . 1 Fabricators 1 | . . . . . . 1 Repair Stations 1 | . . . 1 . . . Recycling Units 1 | . . . . . . 1 Scanalyzers 2 | . . . 2 . . . Garrison Access . | . . . . . . . Total Hacks 27 | . 6 8 8 1 . 4 Successful 16 | . 1 5 6 1 . 3 Failed 11 | . 5 3 2 . . 1 Catastrophic 4 | . 2 2 . . . . Database Lockouts . | . . . . . . . Manual 11 | . 5 6 . . . . Terminals 18 | . 6 8 1 1 . 2 Fabricators 1 | . . . . . . 1 Repair Stations 2 | . . . 2 . . . Recycling Units 1 | . . . . . . 1 Scanalyzers 5 | . . . 5 . . . Garrison Access . | . . . . . . . Terminal Hacks 9 | . 1 5 1 1 . 1 Robot Analysis 2 | . . 2 . . . . Prototype ID Bank 5 | . 1 3 1 . . . Open DSF 2 | . . . . 1 . 1 Fabricator Hacks 1 | . . . . . . 1 Network Status 1 | . . . . . . 1 Repair Station Hacks 2 | . . . 2 . . . Scan Component 1 | . . . 1 . . . Repair 1 | . . . 1 . . . Recycling Unit Hacks 1 | . . . . . . 1 Report Inventory 1 | . . . . . . 1 Scanalyzer 3 | . . . 3 . . . Insert Component 2 | . . . 2 . . . Analyze 1 | . . . 1 . . . Garrison Access Hacks . | . . . . . . . Unauthorized Hacks . | . . . . . . . Terminals . | . . . . . . . Fabricators . | . . . . . . . Repair Stations . | . . . . . . . Recycling Units . | . . . . . . . Scanalyzers . | . . . . . . . Garrison Access . | . . . . . . . Data Cores Recovered . | . . . . . . . Used . | . . . . . . . Hacking Detections 9 | . 2 3 2 1 . 1 Full Trace Events 3 | . 1 1 1 . . . Feedback Events . | . . . . . . . Feedback Blocked . | . . . . . . . Robot Schematics Acquired . | . . . . . . . Robots Built . | . . . . . . . Authchips . | . . . . . . . Time . | . . . . . . . Total Robot Build Rating . | . . . . . . . Part Schematics Acquired 1 | . . . 1 . . . Parts Built . | . . . . . . . Authchips . | . . . . . . . Time . | . . . . . . . Total Part Build Rating . | . . . . . . . Parts Repaired 1 | . . . 1 . . . Time 38 | . . . 38 . . . Parts Recycled . | . . . . . . . Recycled Matter . | . . . . . . . Retrieved Matter . | . . . . . . . Retrieved Components . | . . . . . . . Parts Scanalyzed 1 | . . . 1 . . . Part Schematics Acquired 1 | . . . 1 . . . Parts Damaged . | . . . . . . . Bothacking | -11 -10 -9 -8 -7 -7 -6 ------------ Run | Yrd Mat Mat Mat Fac DSF Fac Used RIF Installer . | . . . . . . . Robots Hacked . | . . . . . . . Non-combat . | . . . . . . . Combat . | . . . . . . . Robot Hacks Applied . | . . . . . . . Relay Couplers Released . | . . . . . . . Fabnet Peak Effective % . | . . . . . . . Robots Rewired . | . . . . . . . Allies Hacked . | . . . . . . . Hacks Repelled . | . . . . . . . Allies | -11 -10 -9 -8 -7 -7 -6 -------- Run | Yrd Mat Mat Mat Fac DSF Fac Total Allies . | . . . . . . . Largest Group . | . . . . . . . Highest-Rated Group . | . . . . . . . Highest-Rated Ally . | . . . . . . . Total Orders . | . . . . . . . Ally Attacks . | . . . . . . . Total Damage . | . . . . . . . Kills . | . . . . . . . Allies Corrupted . | . . . . . . . Allies Melted . | . . . . . . . Intel | -11 -10 -9 -8 -7 -7 -6 ------- Run | Yrd Mat Mat Mat Fac DSF Fac Robot Analysis Total 2 | . . 2 . . . . Derelict Logs Recovered . | . . . . . . . Drone Launches . | . . . . . . . Drone Recoveries . | . . . . . . . Exploration | -11 -10 -9 -8 -7 -7 -6 ------------- Run | Yrd Mat Mat Mat Fac DSF Fac Turns Passed 7100 | 86 777 1475 2034 3 490 2235 Spaces Moved 3612 | 62 469 807 1088 3 220 963 Core 3 | 2 . . . . . 1 Treads 1436 | . 182 . 108 . 184 962 Legs 1865 | 60 185 601 980 3 36 . Wheels 215 | . 9 206 . . . . Hover 93 | . 93 . . . . . Flight . | . . . . . . . Fastest Speed 50 | 50 90 105 120 120 120 160 Average Speed 144 | 117 134 116 142 120 159 172 Slowest Speed 450 | 120 190 190 330 120 330 450 Overloaded Moves . | . . . . . . . Propulsion Burnouts . | . . . . . . . Robots Hopped . | . . . . . . . Cave-ins Triggered . | . . . . . . . Exploration Rate (%) 48 | 6 57 52 59 . 92 22 Regions Visited 6 Branch Regions . Pre-discovered Areas . | . . . . . . . Known Exits Taken 1 | . . . . 1 . . Unknown Exits Taken 4 | 1 1 1 1 . . . Scrap Searched . | . . . . . . . Spaces Dug . | . . . . . . . Terrain Destroyed 91 | . . 21 19 . . 51 Melee . | . . . . . . . Projectile 28 | . . . 12 . . 16 AOE 63 | . . 21 7 . . 35 Terrain Rammed . | . . . . . . . Walls Destroyed . | . . . . . . . Machines Disabled . | . . . . . . . Actions | -11 -10 -9 -8 -7 -7 -6 --------- Run | Yrd Mat Mat Mat Fac DSF Fac Total 4818 | 72 565 1197 1377 2 295 1310 Wait 467 | 1 21 228 70 . 3 144 Move 3606 | 61 468 806 1087 2 219 963 Hop . | . . . . . . . Pick Up 79 | 4 14 25 20 . 5 11 Fast Attach 86 | 6 13 7 26 . 9 25 Attach 35 | . 3 5 10 . 4 13 Detach 19 | . 3 3 5 . 4 4 Swap 49 | . . 13 20 . 4 12 Drop 114 | . 17 28 33 . 11 25 Fire 344 | . 26 79 106 . 36 97 Melee 5 | . . . . . . 5 Ram . | . . . . . . . Kick 3 | . . 3 . . . . Crush 11 | . . . . . . 11 Escape Stasis . | . . . . . . . Rewire . | . . . . . . . Trap . | . . . . . . . Miscellaneous . | . . . . . . . Route ------- -11/Scrapyard -10/Materials (discovered 2 exits: *Mat / [*Min]) -9/Materials (discovered 2 exits: *Mat / [*Min]) -8/Materials -7/Factory -7/DSF -6/Factory (discovered 1 exit: *Fac) History --------- Turn | Location | Event 25 | -11/Scrapyard | Discovered new exit (range 15) 87 | -11/Scrapyard | Entered Materials 107 | -10/Materials | Discovered new exit (range 15) 261 | -10/Materials | Discovered new exit (range 15) 357 | -10/Materials | Build established: Mutant 864 | -10/Materials | Entered another Materials area 864 | -9/Materials | Evolved 2 slots: Propulsion x2 1646 | -9/Materials | Discovered new exit (range 15) 2333 | -9/Materials | Discovered new exit (range 5) 2339 | -9/Materials | Entered another Materials area 2339 | -8/Materials | Evolved 2 slots: Utility x2 2565 | -8/Materials | Lost 3 parts (1n2w) 2621 | -8/Materials | Core integrity fell below 50% 2660 | -8/Materials | Lost 4 parts (1n1u2w) 2846 | -8/Materials | Core integrity fell below 20% 2891 | -8/Materials | Lost 5 parts (1p2n2u) 3176 | -8/Materials | Build established: Scavenger-Mutant 3266 | -8/Materials | System corruption reached 10% 3554 | -8/Materials | Build established: Mutant 3695 | -8/Materials | Repaired Carbon-fiber Leg 4075 | -8/Materials | Build established: Scavenger-Mutant 4367 | -8/Materials | Discovered new exit (range 6) 4373 | -8/Materials | Entered Factory 4373 | -7/Factory | Evolved 2 slots: Utility x1, Weapon x1 4376 | -7/Factory | Identified exit to DSF 4376 | -7/Factory | Entered DSF 4400 | -7/DSF | Discovered new exit (range 15) 4420 | -7/DSF | Additional patrols routed to DSF 4439 | -7/DSF | Lost 3 parts (1p2u) 4522 | -7/DSF | Lost 3 parts (1n2u) 4729 | -7/DSF | Sterilization system engaged 4749 | -7/DSF | Ambient heat levels rising (+10) 4764 | -7/DSF | Ambient heat levels rising (+10) 4777 | -7/DSF | Build established: Scavenger-Gunner 4779 | -7/DSF | Ambient heat levels rising (+10) 4794 | -7/DSF | Ambient heat levels rising (+10) 4809 | -7/DSF | Ambient heat levels rising (+10) 4824 | -7/DSF | Ambient heat levels rising (+10) 4839 | -7/DSF | Ambient heat levels rising (+10) 4846 | -7/DSF | Found Prototype Device 4846 | -7/DSF | Identified Active Sensor Suite 4854 | -7/DSF | Ambient heat levels rising (+10) 4863 | -7/DSF | Core integrity fell below 50% 4864 | -7/DSF | Identified exit to Factory 4866 | -7/DSF | Entered Factory 4866 | -6/Factory | Evolved 2 slots: Utility x2 5136 | -6/Factory | Build established: Scavenger-Skirmisher 5554 | -6/Factory | Discovered new exit (range 12) 5639 | -6/Factory | Identified exit to Factory 5838 | -6/Factory | Found Hvy. Reactive Plating 6285 | -6/Factory | Lost 3 parts (2n1w) 6345 | -6/Factory | Build established: Skirmisher 7027 | -6/Factory | Cargo convoy interrupted 7092 | -6/Factory | Core integrity fell below 50% 7099 | -6/Factory | Core integrity fell below 20% 7101 | -6/Factory | Destroyed by H-66 Slayer with Gauss Rifle Last Messages --------------- 07088_ Penetrated by Slug. 07088_ Lgt. Angular Momentum Engine destroyed. 07088_ Penetrated by Slug. 07088_ Critical hit (Destroy). 07088_ Imp. Assault Rifle destroyed. 07088_ Penetrated by Slug. 07089_ Com. Battery destroyed. 07091_ Penetrated by Slug. 07091_ Slug penetrates Subcomponent Replicator. 07092_ Penetrated by Slug. 07095_ Slug penetrates Subcomponent Replicator. 07095_ Penetrated by Slug. 07098_ Slug penetrates Subcomponent Replicator. 07098_ Penetrated by Slug. 07098_ Critical hit (Burn: +37). 07100_ Penetrated by Slug. 07100_ Hcp. Matter Pod destroyed. 07100_ H-66 Slayer suffers critical hit (Destroy). 07101_ X-62 Marksman destroyed. 07101_ Penetrated by Slug. Map ----- +----------------------------------------------------+ | ?? #????????????# #??????????????????????????? | | ## #????????????# #??????????????????????????? | | #????????????# #??????????????????????????? | | #????????????#%#????? ???????????????????? | | #????????????#"#???? ??????????????????? | | #????????????#%#???? ???????????????????? | | #???????????##"#### ????????????????????? | | ###########??????### # ?????????????????????? | | #??????# ! ??????????????????????? | | "" """ #??????# **% ##???#+#???????????????? | | "" """ ######### %[ * #? !?????????????? | | "" """ ! / [ # ???????????? | | ######### !!%= ???????????? | | "" """ ! #?????# %!!!#! " ?????????????? | | "" """ #######?" %=%=%! #???"T ???????????????? | | "" """ # # =*# #???????????????????????? | | # """ + ###???????????????????????? | | ! ! # """ # #?????????????????????????? | | ] # """ # #?????????????????????????? | | # " #######???????????????????? | | ########### """ " # #???????????????????? | | ????????????? """ " % + "" #???????????????????? | | ???????????? """ # ==#k"" #???????????????????? | | ??????????# " % #i""" #???????????????????? | | ??????????# """ # #h "" #???????????????????? | | ???????????? """ # #h@ h#???????????????????? | | ???????????? """?# #%! #???????????????????? | | ??????????????? ??# # #???????????????????? | | ???????????????""??# #h #???????????????????? | | ???????????????????# # #???????????????????? | | ???????????????????# # #???????????????????? | | ???????????????????# #######???????????????????? | | ???????????????????# ??????????????????????????? | | ???????????????????# ??????????????????????????? | | ??????????????????? ??????????????????????????? | | #???????????????????? ???????????????????????????? | | #????????????????????????????????????????????????? | | #????????????????????????????????????????????????? | | #????????????????????????????????????????????????? | | #????????????????????????????????????????????????? | | #????????????????????????????????????????????????? | | #????????????????????????????????????????????????? | | #????????????????????????????????????????????????? | | #????????????????????????????????????????????????? | | #????????????????????????????????????????????????? | | ?????????????????????????????????????????????????? | | ?????????????????????????????????????????????????? | | ?????????????????????????????????????????????????? | | ?????????????????????????????????????????????????? | | ?????????????????????????????????????????????????? | +----------------------------------------------------+ Best States ------------- Heat Dissipation 59 Energy Generation 18 Energy Capacity 490 Matter Stores 480 Matter Capacity 500 Sight Range 16 Robot Scan Range 20 Terrain Scan Density 10 Armor Coverage 600 Resistance: KI 40 Core Shielding 30 Propulsion Shielding 66 Weapon Shielding 66 Weapon Cycling 15 Evasion (%) 55 Targeting Accuracy 5 Target Analysis 6 Armor Integrity Analysis 30 Recoil Reduction 4 Defensive Hacking 10 Item Schematics ----------------- Hvy. Particle Gun | -8/Materials | Scanalyzed Robot Schematics ------------------ None Fabricated ------------ Nothing Alien Tech Used ----------------- None Achievements -------------- None Challenges ------------ None Game ------ Seed ConstructBoreMonowheel Manual? 0 Play Time 00:55:50 Cumulative 118.8 hours Start 2024.04.24 @ 13:24:47 End 2024.04.24 @ 14:41:05 Sessions 1 Manual Loads 0 Difficulty Rogue Special Mode None Game No. 242 Rogue 242 Adventurer 0 Explorer 0 Win Type - Total 0 Types 0/0/0/0/0/0/0/0/0 Lore% 33 Gallery% 53 Achievement% 37 Wizard Run 0 Options --------- Layout 0 ASCII 0 Keyboard 1 Movement Numpad Keybinds 0 Fullscreen 2 Font 18/X11 Map View 76x50 Zoom Use 0% Tactical HUD 1 Map Filters NONE Filters NONE Steam 1 RUN: 00067c83-9941-46c4-a801-df83eca9c487